Oilers vs Canadiens

Created - Sunday, February 07, 2016 at 02:53

Goals
1 2 3 T
Oilers 2 0 0 2
Canadiens 0 2 1 3
Shots
1 2 3 T
Oilers 11 9 5 25
Canadiens 7 15 10 32

1st period

1. Oilers , Patrick Marleau 18 (Milan Michalek, Darren Helm) at 1:56
2. Oilers , Andrew Ladd 29 (Brayden Schenn, Andrew MacDonald) at 2:08

Penalties :
Andrew MacDonald (Edm) for Tripping (Minor) at 9:06, Trevor Lewis (Edm) for Charging (Minor) at 17:26

2nd period

3. Canadiens , Mike Cammalleri 17 (Mathieu Perreault, Ryan Callahan) at 7:45
4. Canadiens , Justin Abdelkader 37 (Radim Vrbata) at 17:22 (PP)

Penalties :
James Wisniewski (Edm) for Roughing (Minor) at 17:08, Andrew MacDonald (Edm) for Slashing (Minor) at 18:47

3rd period

5. Canadiens , Justin Abdelkader 38 (Joe Thornton) at 13:19 (PP)

Penalties :
Mike Ribeiro (Mon) for Hooking (Minor) at 5:21, Justin Abdelkader (Mon) for Hooking (Minor) at 10:44, Andrew MacDonald (Edm) for Tripping (Minor) at 13:08

Goalie Stats

Jaroslav Halak (Edm), 29 saves from 32 shots - (0.906), L, 32-13-5, 59:16 minutes
Curtis McElhinney (Mon), 23 saves from 25 shots - (0.920), W, 7-1-1, 60:00 minutes

Players Stats for Oilers

Player Name              G  A  P  +/- PIM S  H  SB GA TA FO     MP     PP MP  PK MP  
------------------------------------------------------------------------------------
Andrew Ladd              1  0  1   0  0   4  1  1  1  2  0/1    18:44   2:11   0:00 
Andrew MacDonald         0  1  1   1  6   2  0  1  0  1  0/0    15:59   0:00   0:00 
Brayden McNabb           0  0  0   1  0   0  2  0  0  0  0/0    15:54   0:00   0:14 
Brayden Schenn           0  1  1   0  0   2  2  0  3  0  0/1    15:52   0:00   0:00 
Darren Helm              0  1  1   1  0   1  0  0  2  0  0/0    12:46   0:00   0:39 
James Wisniewski         0  0  0  -1  2   1  2  0  0  3  0/0    23:41   2:55   3:52 
Jason Demers             0  0  0   1  0   0  3  0  0  1  0/0    20:24   1:03   2:16 
Lars Eller               0  0  0   0  0   0  0  0  0  0  4/8     9:53   0:00   3:07 
Milan Michalek           0  1  1   1  0   0  0  1  1  0  0/1    15:35   0:00   3:15 
Nick Bonino              0  0  0   0  0   1  0  0  0  0  2/5    19:59   1:47   3:15 
Nick Foligno             0  0  0   0  0   1  1  0  1  0  0/0    17:06   2:11   0:00 
Nicklas Backstrom        0  0  0   0  0   5  3  1  2  0  8/14   17:06   2:11   0:00 
Niklas Hjalmarsson       0  0  0   1  0   1  0  1  0  2  0/0    20:24   1:03   2:16 
Patrick Marleau          1  0  1   1  0   1  0  0  2  0  4/12   21:48   1:47   2:28 
Pavel Datsyuk            0  0  0   0  0   1  0  0  0  0  7/9    18:37   1:47   0:00 
Ryan McDonagh            0  0  0  -1  0   3  0  1  0  1  0/0    23:22   2:55   4:06 
Trevor Lewis             0  0  0   0  2   2  0  0  0  0  0/0     6:23   0:00   0:00 
Zbynek Michalek          0  0  0   0  0   0  0  0  0  0  0/0     0:00   0:00   0:00 

Players Stats for Canadiens

Player Name              G  A  P  +/- PIM S  H  SB GA TA FO     MP     PP MP  PK MP  
------------------------------------------------------------------------------------
Alex Goligoski           0  0  0   1  0   6  1  2  0  2  0/0    25:10   3:55   3:13 
Andrew Campbell          0  0  0  -1  0   1  4  3  0  0  0/0    17:29   0:00   3:13 
Ben Lovejoy              0  0  0  -1  0   0  2  2  1  0  0/0    20:30   2:27   0:45 
Brian Boyle              0  0  0  -1  0   3  2  1  1  0  0/0    10:25   0:00   2:13 
Dennis Seidenberg        0  0  0  -1  0   0  1  0  0  3  0/0    17:52   0:00   0:45 
Francois Beauchemin      0  0  0   1  0   0  5  1  0  1  0/0    22:01   3:55   0:00 
Gregory Campbell         0  0  0  -1  0   1  0  0  0  0  0/0     8:33   0:00   0:22 
Jaromir Jagr             0  0  0  -1  0   3  1  0  3  0  1/3    14:26   0:00   0:00 
Joe Thornton             0  1  1   0  0   1  0  0  3  0  11/17  17:05   3:51   0:00 
Jordie Benn              0  0  0  -1  0   1  0  3  0  0  0/0    16:58   2:27   0:00 
Justin Abdelkader        2  0  2   0  2   3  1  1  3  0  0/2    17:05   3:51   0:00 
Mathieu Perreault        0  1  1   1  0   3  1  0  1  0  7/9    18:04   2:31   1:45 
Maxim Lapierre           0  0  0  -1  0   0  3  0  2  1  0/6    10:25   0:00   2:13 
Mike Cammalleri          1  0  1   1  0   3  2  0  0  0  0/1    17:42   2:31   1:23 
Mike Ribeiro             0  0  0  -1  2   2  0  0  1  0  7/12   14:25   0:00   0:00 
Patrick Eaves            0  0  0  -1  0   1  0  1  0  0  0/1    14:26   0:00   0:00 
Radim Vrbata             0  1  1   0  0   2  1  1  2  1  0/0    17:05   3:51   0:00 
Ryan Callahan            0  1  1   1  0   2  3  0  4  0  0/0    16:19   2:31   0:00 

3 Stars

1 - Justin Abdelkader (Mon)
2 - Mike Cammalleri (Mon)
3 - Patrick Marleau (Edm)

Power Play

Oilers - 0 on 2 Attempt(s) - 0.00%
Canadiens - 2 on 5 Attempt(s) - 40.00%

Penalty Kill

Oilers - 3 on 5 Attempt(s) - 60.00% - Score 0 goal in Penalty Kill
Canadiens - 2 on 2 Attempt(s) - 100.00% - Score 0 goal in Penalty Kill

Team Stat

Oilers - Hits : 14 - Faceoff Wins : 25 - Blocked Shots : 6 - Penalty Minutes : 10
Canadiens - Hits : 27 - Faceoff Wins : 26 - Blocked Shots : 15 - Penalty Minutes : 4

Official

Referees : Unknown
Linesman : Unknown

Game Notes

No Game Note

Finance

Level 1 -- Attendance: 5215 (86.92%) -- Ticket Income $427,630
Level 2 -- Attendance: 4932 (98.64%) -- Ticket Income $246,600
Level 3 -- Attendance: 2000 (100.00%) -- Ticket Income $56,000
Level 4 -- Attendance: 4000 (100.00%) -- Ticket Income $68,000
Luxury Box -- Attendance: 944 (94.40%) -- Ticket Income $165,200
Game was played at the Bell Centre.
Total Attendance: 17091 (94.95%)
Total Ticket Income: $963,430
Other Income: $472,081
Total Income: $1,435,511

Oilers

5 vs 5 Forward 
   Center                   Left Wing                Right Wing               Time % Phy DF OF 
 1 Nicklas Backstrom        Nick Bonino              Nick Foligno             33     0   1  4  
 2 Pavel Datsyuk            Andrew Ladd              Brayden Schenn           33     0   1  4  
 3 Patrick Marleau          Milan Michalek           Darren Helm              25     0   1  4  
 4 Lars Eller               Trevor Lewis             Patrick Marleau          9      1   2  2  

5 vs 5 Defense 
   Defense                  Defense                                           Time % Phy DF OF 
 1 Ryan McDonagh            James Wisniewski                                  35     1   4  0  
 2 Niklas Hjalmarsson       Jason Demers                                      35     1   4  0  
 3 Andrew MacDonald         Brayden McNabb                                    30     1   4  0  
 4 Ryan McDonagh            James Wisniewski                                  0      1   4  0  

PowerPlay Forward 
   Center                   Left Wing                Right Wing               Time % Phy DF OF 
 1 Nicklas Backstrom        Andrew Ladd              Nick Foligno             50     1   2  2  
 2 Pavel Datsyuk            Nick Bonino              Patrick Marleau          50     1   2  2  

PowerPlay Defense
   Defense                  Defense                                           Time % Phy DF OF 
 1 Ryan McDonagh            James Wisniewski                                  55     1   2  2  
 2 Niklas Hjalmarsson       Jason Demers                                      45     1   2  2  

Penalty Kill 4 Players Forward 
   Center                   Wing                     Time % Phy DF OF 
 1 Nick Bonino              Milan Michalek           50     1   4  0  
 2 Lars Eller               Patrick Marleau          50     1   4  0  

Penalty Kill 4 Players Defense
   Defense                  Defense                  Time % Phy DF OF 
 1 Ryan McDonagh            James Wisniewski         60     1   4  0  
 2 Niklas Hjalmarsson       Jason Demers             40     1   4  0  

Penalty Kill - 3 Players Forward 
   Forward                                           Time % Phy DF OF 
 1 Nick Bonino                                       60     1   2  2  
 2 Lars Eller                                        40     1   2  2  

Penalty Kill - 3 Players Defense
   Defense                  Defense                  Time % Phy DF OF 
 1 Ryan McDonagh            James Wisniewski         60     1   2  2  
 2 Niklas Hjalmarsson       Jason Demers             40     1   2  2  

4 vs 4 Forward 
   Center                   Wing                     Time % Phy DF OF 
 1 Nicklas Backstrom        Pavel Datsyuk            60     0   1  4  
 2 Patrick Marleau          Nick Foligno             40     0   1  4  

4 vs 4 Defense
   Defense                  Defense                  Time % Phy DF OF 
 1 Ryan McDonagh            James Wisniewski         60     1   4  0  
 2 Niklas Hjalmarsson       Jason Demers             40     1   4  0  

Last Minutes Offensive
   Center                   Left Wing                Right Wing               Defense                  Defense                  
   Nicklas Backstrom        Pavel Datsyuk            Nick Foligno             Andrew Ladd              James Wisniewski         

Last Minutes Defensive
   Center                   Left Wing                Right Wing               Defense                  Defense                  
   Nick Bonino              Andrew Ladd              Nick Foligno             Ryan McDonagh            James Wisniewski         

Goaltenders
Starting : Jaroslav Halak           
Backup : Jeremy Smith             

Extra Forwards
Normal : Lars Eller, Nick Bonino, Darren Helm - PP : Lars Eller, Nick Bonino - PK : Darren Helm
Extra Defensemen
Normal : Andrew MacDonald, Brayden McNabb, Niklas Hjalmarsson - PP : Andrew MacDonald - PK : Brayden McNabb, Niklas Hjalmarsson
Penalty Shots
Patrick Marleau, Nicklas Backstrom, Andrew Ladd, Nick Foligno, Pavel Datsyuk

Canadiens

5 vs 5 Forward 
   Center                   Left Wing                Right Wing               Time % Phy DF OF 
 1 Joe Thornton             Justin Abdelkader        Radim Vrbata             31     1   1  3  
 2 Mathieu Perreault        Mike Cammalleri          Ryan Callahan            31     1   1  3  
 3 Mike Ribeiro             Patrick Eaves            Jaromir Jagr             31     1   1  3  
 4 Maxim Lapierre           Brian Boyle              Gregory Campbell         7      1   3  1  

5 vs 5 Defense 
   Defense                  Defense                                           Time % Phy DF OF 
 1 Alex Goligoski           Francois Beauchemin                               40     1   2  2  
 2 Dennis Seidenberg        Ben Lovejoy                                       34     1   2  2  
 3 Jordie Benn              Andrew Campbell                                   26     1   3  1  
 4 Francois Beauchemin      Dennis Seidenberg                                 0      1   2  2  

PowerPlay Forward 
   Center                   Left Wing                Right Wing               Time % Phy DF OF 
 1 Joe Thornton             Justin Abdelkader        Radim Vrbata             55     1   1  3  
 2 Mathieu Perreault        Mike Cammalleri          Ryan Callahan            45     1   1  3  

PowerPlay Defense
   Defense                  Defense                                           Time % Phy DF OF 
 1 Alex Goligoski           Francois Beauchemin                               60     1   1  3  
 2 Ben Lovejoy              Jordie Benn                                       40     1   2  2  

Penalty Kill 4 Players Forward 
   Center                   Wing                     Time % Phy DF OF 
 1 Maxim Lapierre           Brian Boyle              60     1   3  1  
 2 Gregory Campbell         Mike Cammalleri          40     1   3  1  

Penalty Kill 4 Players Defense
   Defense                  Defense                  Time % Phy DF OF 
 1 Andrew Campbell          Alex Goligoski           60     1   3  1  
 2 Ben Lovejoy              Dennis Seidenberg        40     1   3  1  

Penalty Kill - 3 Players Forward 
   Forward                                           Time % Phy DF OF 
 1 Brian Boyle                                       60     1   3  1  
 2 Maxim Lapierre                                    40     1   3  1  

Penalty Kill - 3 Players Defense
   Defense                  Defense                  Time % Phy DF OF 
 1 Andrew Campbell          Alex Goligoski           60     1   3  1  
 2 Ben Lovejoy              Dennis Seidenberg        40     1   3  1  

4 vs 4 Forward 
   Center                   Wing                     Time % Phy DF OF 
 1 Mike Ribeiro             Justin Abdelkader        60     1   2  2  
 2 Mathieu Perreault        Ryan Callahan            40     1   2  2  

4 vs 4 Defense
   Defense                  Defense                  Time % Phy DF OF 
 1 Alex Goligoski           Dennis Seidenberg        60     1   2  2  
 2 Andrew Campbell          Francois Beauchemin      40     1   2  2  

Last Minutes Offensive
   Center                   Left Wing                Right Wing               Defense                  Defense                  
   Joe Thornton             Justin Abdelkader        Radim Vrbata             Alex Goligoski           Francois Beauchemin      

Last Minutes Defensive
   Center                   Left Wing                Right Wing               Defense                  Defense                  
   Maxim Lapierre           Brian Boyle              Gregory Campbell         Alex Goligoski           Andrew Campbell          

Goaltenders
Starting : Curtis McElhinney        
Backup : Pekka Rinne              

Extra Forwards
Normal : Mike Cammalleri, Mathieu Perreault, Joe Thornton - PP : Mike Cammalleri, Mike Ribeiro - PK : Mike Cammalleri
Extra Defensemen
Normal : Francois Beauchemin, Andrew Campbell, Alex Goligoski - PP : Dennis Seidenberg - PK : Francois Beauchemin, Alex Goligoski
Penalty Shots
Radim Vrbata, Maxim Lapierre, Mike Ribeiro, Joe Thornton, Mike Cammalleri

% Time on Ice - Oilers

Lines # - Real PCT - Wanted PCT - Time Play
Normal Forward
1 - 30% - 33% - 14:46
2 - 33% - 33% - 16:10
3 - 24% - 25% - 11:49
4 - 13% - 9% - 6:15
Normal Defense
1 - 33% - 35% - 16:21
2 - 35% - 35% - 16:59
3 - 32% - 30% - 15:40
4 - 0% - 0% - 0:00
PP Forward
1 - 55% - 50% - 2:11
2 - 45% - 50% - 1:47
PP Defense
1 - 74% - 55% - 2:55
2 - 26% - 45% - 1:03
PK Forward
1 - 51% - 50% - 3:15
2 - 49% - 50% - 3:07
PK Defense
1 - 64% - 60% - 4:06
2 - 36% - 40% - 2:16
PK3 Forward
1 - 0% - 60%
2 - 0% - 40%
PK3 Defense
1 - 0% - 60%
2 - 0% - 40%
44 Forward
1 - 0% - 60%
2 - 0% - 40%
44 Defense
1 - 0% - 60%
2 - 0% - 40%
Last Minute Offensive  - 0:40
Last Minute Defensive  - 0:00
Total
Forward - 60:00
Defense - 60:00

% Time on Ice - Canadiens

Lines # - Real PCT - Wanted PCT - Time Play
Normal Forward
1 - 27% - 31% - 13:15
2 - 28% - 31% - 13:48
3 - 29% - 31% - 14:26
4 - 16% - 7% - 8:06
Normal Defense
1 - 36% - 40% - 17:57
2 - 35% - 34% - 17:18
3 - 29% - 26% - 14:11
4 - 0% - 0% - 0:09
PP Forward
1 - 60% - 55% - 3:51
2 - 40% - 45% - 2:31
PP Defense
1 - 62% - 60% - 3:55
2 - 38% - 40% - 2:27
PK Forward
1 - 100% - 60% - 3:58
2 - 0% - 40% - 0:00
PK Defense
1 - 81% - 60% - 3:13
2 - 19% - 40% - 0:45
PK3 Forward
1 - 0% - 60%
2 - 0% - 40%
PK3 Defense
1 - 0% - 60%
2 - 0% - 40%
44 Forward
1 - 0% - 60%
2 - 0% - 40%
44 Defense
1 - 0% - 60%
2 - 0% - 40%
Last Minute Offensive  - 0:00
Last Minute Defensive  - 0:05
Total
Forward - 60:00
Defense - 60:00

Play by Play

1st period


0:01 of 1st period - Joe Thornton wins face-off versus Nicklas Backstrom in neutral zone.
0:13 of 1st period - Wrist shot by Joe Thornton.
0:13 of 1st period - Stopped by Jaroslav Halak with a rebound.
0:15 of 1st period - Wrist shot by Radim Vrbata.
0:15 of 1st period - Stopped by Jaroslav Halak without a rebound.
0:16 of 1st period - Nicklas Backstrom wins face-off versus Joe Thornton in Oilers zone.
0:31 of 1st period - Wrist shot by Nick Foligno.
0:31 of 1st period - Shot Blocked by Francois Beauchemin.
1:10 of 1st period - Niklas Hjalmarsson is hit by Ryan Callahan and loses puck.
1:26 of 1st period - Snap shot by Andrew Ladd.
1:26 of 1st period - Stopped by Curtis McElhinney without a rebound.
1:27 of 1st period - Patrick Marleau wins face-off versus Mike Ribeiro in Canadiens zone.
1:28 of 1st period - Slapshot by Darren Helm.
1:28 of 1st period - Stopped by Curtis McElhinney without a rebound.
1:29 of 1st period - Patrick Marleau wins face-off versus Mike Ribeiro in Canadiens zone.
1:54 of 1st period - Wrist shot by Milan Michalek.
1:54 of 1st period - Shot Blocked by Ben Lovejoy.
1:56 of 1st period - Backhand shot by Patrick Marleau.
1:56 of 1st period - Goal by Patrick Marleau - Oilers : 1 - Canadiens : 0.
1:57 of 1st period - Pavel Datsyuk wins face-off versus Maxim Lapierre in neutral zone.
2:00 of 1st period - Snap shot by Brayden Schenn.
2:00 of 1st period - Stopped by Curtis McElhinney with a rebound.
2:02 of 1st period - Snap shot by Andrew MacDonald.
2:02 of 1st period - Shot Misses the Net.
2:04 of 1st period - Snap shot by Brayden Schenn.
2:04 of 1st period - Shot Misses the Net.
2:06 of 1st period - Snap shot by Andrew Ladd.
2:06 of 1st period - Shot Misses the Net.
2:08 of 1st period - Wrist shot by Andrew Ladd.
2:08 of 1st period - Goal by Andrew Ladd - Oilers : 2 - Canadiens : 0.
2:09 of 1st period - Lars Eller wins face-off versus Mike Ribeiro in neutral zone.
2:20 of 1st period - Wrist shot by Trevor Lewis.
2:20 of 1st period - Deflect By Mike Ribeiro.
2:20 of 1st period - Shot Misses the Net.
2:20 of 1st period - Puck is out of play.
2:21 of 1st period - Lars Eller wins face-off versus Jaromir Jagr in Canadiens zone.
2:27 of 1st period - Snap shot by Lars Eller.
2:27 of 1st period - Shot Blocked by Patrick Eaves.
2:43 of 1st period - Snap shot by Trevor Lewis.
2:43 of 1st period - Shot Misses the Net.
3:29 of 1st period - Snap shot by Mathieu Perreault.
3:29 of 1st period - Stopped by Jaroslav Halak without a rebound.
3:30 of 1st period - Joe Thornton wins face-off versus Nicklas Backstrom in Oilers zone.
4:50 of 1st period - Brian Boyle is hit by Jason Demers.
5:22 of 1st period - Wrist shot by Brayden Schenn.
5:22 of 1st period - Stopped by Curtis McElhinney with a rebound.
5:24 of 1st period - Slapshot by Ryan McDonagh.
5:24 of 1st period - Stopped by Curtis McElhinney with a rebound.
5:26 of 1st period - Slapshot by Ryan McDonagh.
5:26 of 1st period - Stopped by Curtis McElhinney without a rebound.
5:27 of 1st period - Lars Eller wins face-off versus Patrick Eaves in Canadiens zone.
5:34 of 1st period - Trevor Lewis is hit by Andrew Campbell and loses puck.
5:43 of 1st period - Slapshot by Jaromir Jagr.
5:43 of 1st period - Stopped by Jaroslav Halak without a rebound.
5:44 of 1st period - Lars Eller wins face-off versus Mike Ribeiro in Oilers zone.
5:44 of 1st period - Lars Eller is hit by Jaromir Jagr.
5:58 of 1st period - Jordie Benn is hit by Brayden McNabb and loses puck.
6:19 of 1st period - Andrew Campbell is hit by Nicklas Backstrom and loses puck.
6:36 of 1st period - Snap shot by Nick Foligno.
6:36 of 1st period - Shot Misses the Net.
6:56 of 1st period - Dennis Seidenberg is hit by Brayden Schenn and loses puck.
7:23 of 1st period - Dennis Seidenberg is hit by Brayden Schenn and loses puck.
8:40 of 1st period - Alex Goligoski is hit by Brayden McNabb and loses puck.
8:58 of 1st period - Andrew MacDonald is hit by Brian Boyle and loses puck.
9:06 of 1st period - Minor Penalty to Andrew MacDonald for Tripping.
9:07 of 1st period - Nick Bonino wins face-off versus Joe Thornton in Oilers zone.
9:07 of 1st period - Nick Bonino is hit by Francois Beauchemin.
9:22 of 1st period - Snap shot by Justin Abdelkader.
9:22 of 1st period - Stopped by Jaroslav Halak without a rebound.
9:23 of 1st period - Joe Thornton wins face-off versus Nick Bonino in Oilers zone.
9:48 of 1st period - Ryan McDonagh is hit by Francois Beauchemin and loses puck.
10:32 of 1st period - Jason Demers is hit by Mike Cammalleri.
11:06 of 1st period - Penalty to Andrew MacDonald is over, Andrew MacDonald is back on ice.
11:53 of 1st period - Icing by Ben Lovejoy.
11:54 of 1st period - Pavel Datsyuk wins face-off versus Mike Ribeiro in Canadiens zone.
13:08 of 1st period - Wrist shot by Nicklas Backstrom.
13:08 of 1st period - Stopped by Curtis McElhinney with a rebound.
13:10 of 1st period - Wrist shot by Nick Bonino.
13:10 of 1st period - Stopped by Curtis McElhinney with a rebound.
13:12 of 1st period - Slapshot by Ryan McDonagh.
13:12 of 1st period - Stopped by Curtis McElhinney without a rebound.
13:13 of 1st period - Joe Thornton wins face-off versus Nicklas Backstrom in Canadiens zone.
15:51 of 1st period - Backhand shot by Pavel Datsyuk.
15:51 of 1st period - Shot Hit the Post.
15:53 of 1st period - Slapshot by Brayden Schenn.
15:53 of 1st period - Shot Blocked by Radim Vrbata.
16:09 of 1st period - Francois Beauchemin is hit by Nick Foligno and loses puck.
17:02 of 1st period - Maxim Lapierre is hit by James Wisniewski and loses puck.
17:26 of 1st period - Minor Penalty to Trevor Lewis for Charging.
17:27 of 1st period - Mathieu Perreault wins face-off versus Nick Bonino in Oilers zone.
17:36 of 1st period - Slapshot by Mathieu Perreault.
17:36 of 1st period - Shot Blocked by Niklas Hjalmarsson.
18:17 of 1st period - Milan Michalek is hit by Justin Abdelkader and loses puck.
18:37 of 1st period - Lars Eller is hit by Mike Cammalleri and loses puck.
19:02 of 1st period - Wrist shot by Joe Thornton.
19:02 of 1st period - Shot Misses the Net.
19:16 of 1st period - Backhand shot by Ryan Callahan.
19:16 of 1st period - Stopped by Jaroslav Halak with a rebound.
19:26 of 1st period - Penalty to Trevor Lewis is over, Trevor Lewis is back on ice.
19:45 of 1st period - Slapshot by Mike Ribeiro.
19:45 of 1st period - Shot Misses the Net.
19:47 of 1st period - Slapshot by Andrew Campbell.
19:47 of 1st period - Stopped by Jaroslav Halak with a rebound.
Goals for this period are 2 for Oilers vs 0 for Canadiens.
Shots for this period are 11 for Oilers vs 7 for Canadiens.

2nd period


0:01 of 2nd period - Patrick Marleau wins face-off versus Joe Thornton in neutral zone.
1:02 of 2nd period - Nicklas Backstrom is hit by Ryan Callahan and loses puck.
1:08 of 2nd period - Ryan McDonagh is hit by Alex Goligoski and loses puck.
1:11 of 2nd period - Wrist shot by Nicklas Backstrom.
1:11 of 2nd period - Stopped by Curtis McElhinney without a rebound.
1:12 of 2nd period - Mike Ribeiro wins face-off versus Nicklas Backstrom in Canadiens zone.
1:42 of 2nd period - Icing by Andrew MacDonald.
1:43 of 2nd period - Nicklas Backstrom wins face-off versus Mathieu Perreault in Oilers zone.
1:50 of 2nd period - Jordie Benn is hit by Nicklas Backstrom and loses puck.
2:09 of 2nd period - Wrist shot by Pavel Datsyuk.
2:09 of 2nd period - Stopped by Curtis McElhinney with a rebound.
2:11 of 2nd period - Wrist shot by Andrew MacDonald.
2:11 of 2nd period - Shot Blocked by Jordie Benn.
2:13 of 2nd period - Snap shot by Andrew MacDonald.
2:13 of 2nd period - Stopped by Curtis McElhinney with a rebound.
2:15 of 2nd period - Slapshot by Ryan McDonagh.
2:15 of 2nd period - Shot Misses the Net.
2:17 of 2nd period - Slapshot by James Wisniewski.
2:17 of 2nd period - Shot Blocked by Jordie Benn.
2:25 of 2nd period - Snap shot by Pavel Datsyuk.
2:25 of 2nd period - Shot Misses the Net.
2:27 of 2nd period - Wrist shot by Ryan McDonagh.
2:27 of 2nd period - Shot Misses the Net.
2:29 of 2nd period - Slapshot by James Wisniewski.
2:29 of 2nd period - Shot Misses the Net.
2:54 of 2nd period - Snap shot by Patrick Marleau.
2:54 of 2nd period - Shot Blocked by Andrew Campbell.
2:56 of 2nd period - Wrist shot by Lars Eller.
2:56 of 2nd period - Shot Misses the Net.
2:58 of 2nd period - Backhand shot by James Wisniewski.
2:58 of 2nd period - Shot Blocked by Andrew Campbell.
3:00 of 2nd period - Wrist shot by Trevor Lewis.
3:00 of 2nd period - Stopped by Curtis McElhinney with a rebound.
3:02 of 2nd period - Slapshot by James Wisniewski.
3:02 of 2nd period - Stopped by Curtis McElhinney with a rebound.
3:04 of 2nd period - Slapshot by Trevor Lewis.
3:04 of 2nd period - Shot Hit the Post.
3:06 of 2nd period - Slapshot by Niklas Hjalmarsson.
3:06 of 2nd period - Deflect By Ryan Callahan.
3:06 of 2nd period - Stopped by Curtis McElhinney with a rebound.
3:08 of 2nd period - Slapshot by Niklas Hjalmarsson.
3:08 of 2nd period - Shot Blocked by Andrew Campbell.
3:12 of 2nd period - Snap shot by Patrick Marleau.
3:12 of 2nd period - Deflect By Trevor Lewis.
3:12 of 2nd period - Stopped by Curtis McElhinney without a rebound.
3:13 of 2nd period - Nicklas Backstrom wins face-off versus Joe Thornton in Canadiens zone.
3:38 of 2nd period - Slapshot by Nicklas Backstrom.
3:38 of 2nd period - Shot Blocked by Justin Abdelkader.
4:06 of 2nd period - Milan Michalek is hit by Francois Beauchemin and loses puck.
4:50 of 2nd period - Slapshot by Alex Goligoski.
4:50 of 2nd period - Stopped by Jaroslav Halak with a rebound.
4:52 of 2nd period - Snap shot by Francois Beauchemin.
4:52 of 2nd period - Shot Misses the Net.
4:54 of 2nd period - Slapshot by Brian Boyle.
4:54 of 2nd period - Stopped by Jaroslav Halak without a rebound.
4:55 of 2nd period - Pavel Datsyuk wins face-off versus Maxim Lapierre in Oilers zone.
5:14 of 2nd period - Ryan McDonagh is hit by Maxim Lapierre and loses puck.
5:57 of 2nd period - Nick Bonino is hit by Ben Lovejoy and loses puck.
6:42 of 2nd period - Slapshot by Mike Ribeiro.
6:42 of 2nd period - Stopped by Jaroslav Halak without a rebound.
6:43 of 2nd period - Mike Ribeiro wins face-off versus Patrick Marleau in Oilers zone.
7:45 of 2nd period - Slapshot by Mike Cammalleri.
7:45 of 2nd period - Deflect By Pavel Datsyuk.
7:45 of 2nd period - Goal by Mike Cammalleri - Oilers : 2 - Canadiens : 1.
7:46 of 2nd period - Nicklas Backstrom wins face-off versus Joe Thornton in neutral zone.
8:11 of 2nd period - Snap shot by Nick Foligno.
8:11 of 2nd period - Shot Blocked by Alex Goligoski.
8:13 of 2nd period - Slapshot by Andrew MacDonald.
8:13 of 2nd period - Stopped by Curtis McElhinney without a rebound.
8:14 of 2nd period - Mathieu Perreault wins face-off versus Patrick Marleau in Canadiens zone.
8:32 of 2nd period - Wrist shot by Mathieu Perreault.
8:32 of 2nd period - Deflect By Ryan Callahan.
8:32 of 2nd period - Shot Misses the Net.
8:32 of 2nd period - Puck is out of play.
8:33 of 2nd period - Mathieu Perreault wins face-off versus Patrick Marleau in Oilers zone.
8:36 of 2nd period - Wrist shot by Mike Cammalleri.
8:36 of 2nd period - Stopped by Jaroslav Halak with a rebound.
8:40 of 2nd period - Slapshot by Mike Cammalleri.
8:40 of 2nd period - Stopped by Jaroslav Halak with a rebound.
8:42 of 2nd period - Snap shot by Mathieu Perreault.
8:42 of 2nd period - Stopped by Jaroslav Halak without a rebound.
8:43 of 2nd period - Nicklas Backstrom wins face-off versus Justin Abdelkader in Oilers zone.
9:19 of 2nd period - Off-side.
9:20 of 2nd period - Pavel Datsyuk wins face-off versus Jaromir Jagr in neutral zone.
9:23 of 2nd period - Snap shot by Brayden Schenn.
9:23 of 2nd period - Shot Misses the Net.
9:33 of 2nd period - Slapshot by Patrick Eaves.
9:33 of 2nd period - Deflect By Mike Ribeiro.
9:33 of 2nd period - Shot Misses the Net.
9:33 of 2nd period - Puck is out of play.
9:34 of 2nd period - Mike Ribeiro wins face-off versus Brayden Schenn in Oilers zone.
9:51 of 2nd period - Slapshot by Jaromir Jagr.
9:51 of 2nd period - Shot Blocked by Andrew Ladd.
9:53 of 2nd period - Wrist shot by Patrick Eaves.
9:53 of 2nd period - Stopped by Jaroslav Halak with a rebound.
9:55 of 2nd period - Slapshot by Jaromir Jagr.
9:55 of 2nd period - Stopped by Jaroslav Halak without a rebound.
9:56 of 2nd period - Joe Thornton wins face-off versus Patrick Marleau in Oilers zone.
9:57 of 2nd period - Wrist shot by Radim Vrbata.
9:57 of 2nd period - Stopped by Jaroslav Halak with a rebound.
11:07 of 2nd period - Snap shot by Nicklas Backstrom.
11:07 of 2nd period - Stopped by Curtis McElhinney with a rebound.
11:13 of 2nd period - Nick Foligno is hit by Radim Vrbata and loses puck.
11:30 of 2nd period - Slapshot by Ryan Callahan.
11:30 of 2nd period - Shot Misses the Net.
11:32 of 2nd period - Slapshot by Ryan Callahan.
11:32 of 2nd period - Deflect By Mathieu Perreault.
11:32 of 2nd period - Stopped by Jaroslav Halak with a rebound.
11:36 of 2nd period - Snap shot by Mathieu Perreault.
11:36 of 2nd period - Shot Misses the Net.
11:38 of 2nd period - Snap shot by Mike Cammalleri.
11:38 of 2nd period - Shot Misses the Net.
12:27 of 2nd period - Andrew Ladd is hit by Dennis Seidenberg and loses puck.
13:15 of 2nd period - Icing by Lars Eller.
13:16 of 2nd period - Mathieu Perreault wins face-off versus Lars Eller in Oilers zone.
14:12 of 2nd period - Off-side.
14:13 of 2nd period - Mike Ribeiro wins face-off versus Pavel Datsyuk in neutral zone.
15:22 of 2nd period - Nick Bonino is hit by Andrew Campbell and loses puck.
15:31 of 2nd period - Nick Bonino is hit by Andrew Campbell and loses puck.
16:05 of 2nd period - Jordie Benn is hit by Jason Demers.
16:15 of 2nd period - Milan Michalek is hit by Maxim Lapierre and loses puck.
16:46 of 2nd period - Snap shot by Ryan Callahan.
16:46 of 2nd period - Shot Blocked by Andrew MacDonald.
16:48 of 2nd period - Slapshot by Alex Goligoski.
16:48 of 2nd period - Stopped by Jaroslav Halak with a rebound.
16:50 of 2nd period - Slapshot by Alex Goligoski.
16:50 of 2nd period - Stopped by Jaroslav Halak with a rebound.
16:52 of 2nd period - Slapshot by Mike Cammalleri.
16:52 of 2nd period - Shot Misses the Net.
16:54 of 2nd period - Slapshot by Alex Goligoski.
16:54 of 2nd period - Deflect By Andrew Ladd.
16:54 of 2nd period - Stopped by Jaroslav Halak without a rebound.
16:55 of 2nd period - Mike Ribeiro wins face-off versus Lars Eller in Oilers zone.
17:06 of 2nd period - Wrist shot by Mike Ribeiro.
17:06 of 2nd period - Shot Misses the Net.
17:08 of 2nd period - Minor Penalty to James Wisniewski for Roughing.
17:09 of 2nd period - Joe Thornton wins face-off versus Milan Michalek in Oilers zone.
17:22 of 2nd period - Wrist shot by Justin Abdelkader.
17:22 of 2nd period - Goal by Justin Abdelkader - Oilers : 2 - Canadiens : 2.
17:23 of 2nd period - Pavel Datsyuk wins face-off versus Justin Abdelkader in neutral zone.
18:25 of 2nd period - Nick Bonino is hit by Ryan Callahan and loses puck.
18:47 of 2nd period - Minor Penalty to Andrew MacDonald for Slashing.
18:48 of 2nd period - Joe Thornton wins face-off versus Lars Eller in Oilers zone.
19:42 of 2nd period - Niklas Hjalmarsson is hit by Ben Lovejoy and loses puck.
Goals for this period are 0 for Oilers vs 2 for Canadiens.
Shots for this period are 9 for Oilers vs 15 for Canadiens.

3rd period


0:01 of 3rd period - Nick Bonino wins face-off versus Joe Thornton in neutral zone.
0:30 of 3rd period - Ryan McDonagh is hit by Francois Beauchemin and loses puck.
0:46 of 3rd period - Icing by Ryan Callahan.
0:47 of 3rd period - Penalty to Andrew MacDonald is over, Andrew MacDonald is back on ice.
0:47 of 3rd period - Pavel Datsyuk wins face-off versus Mathieu Perreault in Canadiens zone.
0:48 of 3rd period - Snap shot by Brayden Schenn.
0:48 of 3rd period - Shot Blocked by Alex Goligoski.
1:21 of 3rd period - Icing by Ben Lovejoy.
1:22 of 3rd period - Mathieu Perreault wins face-off versus Patrick Marleau in Canadiens zone.
1:33 of 3rd period - Icing by Andrew MacDonald.
1:34 of 3rd period - Mike Ribeiro wins face-off versus Patrick Marleau in Oilers zone.
2:36 of 3rd period - Snap shot by Joe Thornton.
2:36 of 3rd period - Shot Misses the Net.
3:12 of 3rd period - Snap shot by Ryan Callahan.
3:12 of 3rd period - Stopped by Jaroslav Halak with a rebound.
3:52 of 3rd period - Slapshot by Ben Lovejoy.
3:52 of 3rd period - Shot Blocked by Ryan McDonagh.
4:14 of 3rd period - Patrick Marleau is hit by Brian Boyle and loses puck.
4:36 of 3rd period - Icing by Ben Lovejoy.
4:37 of 3rd period - Patrick Marleau wins face-off versus Maxim Lapierre in Canadiens zone.
4:52 of 3rd period - Snap shot by Darren Helm.
4:52 of 3rd period - Shot Misses the Net.
5:21 of 3rd period - Minor Penalty to Mike Ribeiro for Hooking.
5:22 of 3rd period - Nicklas Backstrom wins face-off versus Maxim Lapierre in Canadiens zone.
5:36 of 3rd period - Wrist shot by Nicklas Backstrom.
5:36 of 3rd period - Shot Misses the Net.
5:38 of 3rd period - Slapshot by James Wisniewski.
5:38 of 3rd period - Shot Misses the Net.
5:40 of 3rd period - Slapshot by Ryan McDonagh.
5:40 of 3rd period - Deflect By Nicklas Backstrom.
5:40 of 3rd period - Shot Misses the Net.
5:40 of 3rd period - Puck is out of play.
5:41 of 3rd period - Nicklas Backstrom wins face-off versus Maxim Lapierre in Canadiens zone.
5:44 of 3rd period - Backhand shot by Nick Foligno.
5:44 of 3rd period - Deflect By Nicklas Backstrom.
5:44 of 3rd period - Stopped by Curtis McElhinney with a rebound.
5:46 of 3rd period - Snap shot by Andrew Ladd.
5:46 of 3rd period - Stopped by Curtis McElhinney without a rebound.
5:47 of 3rd period - Pavel Datsyuk wins face-off versus Mike Cammalleri in Canadiens zone.
7:15 of 3rd period - Snap shot by Mathieu Perreault.
7:15 of 3rd period - Shot Hit the Post.
7:17 of 3rd period - Snap shot by Gregory Campbell.
7:17 of 3rd period - Deflect By James Wisniewski.
7:17 of 3rd period - Stopped by Jaroslav Halak with a rebound.
7:21 of 3rd period - Penalty to Mike Ribeiro is over, Mike Ribeiro is back on ice.
7:57 of 3rd period - Snap shot by Milan Michalek.
7:57 of 3rd period - Deflect By Darren Helm.
7:57 of 3rd period - Shot Misses the Net.
7:57 of 3rd period - Puck is out of play.
7:58 of 3rd period - Joe Thornton wins face-off versus Lars Eller in Canadiens zone.
8:09 of 3rd period - Off-side.
8:10 of 3rd period - Joe Thornton wins face-off versus Nicklas Backstrom in neutral zone.
8:33 of 3rd period - Slapshot by Nick Foligno.
8:33 of 3rd period - Stopped by Curtis McElhinney without a rebound.
8:34 of 3rd period - Jaromir Jagr wins face-off versus Andrew Ladd in Canadiens zone.
8:51 of 3rd period - Snap shot by Brayden Schenn.
8:51 of 3rd period - Shot Blocked by Ben Lovejoy.
9:08 of 3rd period - Snap shot by Jaromir Jagr.
9:08 of 3rd period - Stopped by Jaroslav Halak with a rebound.
9:32 of 3rd period - Off-side.
9:33 of 3rd period - Mathieu Perreault wins face-off versus Patrick Marleau in neutral zone.
9:44 of 3rd period - Snap shot by Ryan Callahan.
9:44 of 3rd period - Shot Misses the Net.
10:19 of 3rd period - Nick Bonino is hit by Francois Beauchemin and loses puck.
10:35 of 3rd period - Andrew Campbell is hit by Nicklas Backstrom and loses puck.
10:44 of 3rd period - Minor Penalty to Justin Abdelkader for Hooking.
10:45 of 3rd period - Nicklas Backstrom wins face-off versus Maxim Lapierre in Canadiens zone.
11:07 of 3rd period - Snap shot by Nicklas Backstrom.
11:07 of 3rd period - Stopped by Curtis McElhinney with a rebound.
11:09 of 3rd period - Snap shot by Nicklas Backstrom.
11:09 of 3rd period - Shot Blocked by Brian Boyle.
11:31 of 3rd period - Snap shot by Patrick Marleau.
11:31 of 3rd period - Shot Misses the Net.
12:11 of 3rd period - Niklas Hjalmarsson is hit by Mathieu Perreault and loses puck.
12:18 of 3rd period - Mike Cammalleri is hit by Jason Demers and loses puck.
12:44 of 3rd period - Penalty to Justin Abdelkader is over, Justin Abdelkader is back on ice.
12:59 of 3rd period - Wrist shot by Mike Ribeiro.
12:59 of 3rd period - Stopped by Jaroslav Halak without a rebound.
13:00 of 3rd period - Mike Ribeiro wins face-off versus Patrick Marleau in Oilers zone.
13:03 of 3rd period - Wrist shot by Jaromir Jagr.
13:03 of 3rd period - Shot Misses the Net.
13:08 of 3rd period - Minor Penalty to Andrew MacDonald for Tripping.
13:09 of 3rd period - Joe Thornton wins face-off versus Nick Bonino in Oilers zone.
13:17 of 3rd period - Slapshot by Joe Thornton.
13:17 of 3rd period - Shot Misses the Net.
13:19 of 3rd period - Wrist shot by Justin Abdelkader.
13:19 of 3rd period - Goal by Justin Abdelkader - Oilers : 2 - Canadiens : 3.
13:20 of 3rd period - Joe Thornton wins face-off versus Pavel Datsyuk in neutral zone.
13:43 of 3rd period - Backhand shot by Pavel Datsyuk.
13:43 of 3rd period - Shot Misses the Net.
13:45 of 3rd period - Slapshot by Andrew Ladd.
13:45 of 3rd period - Stopped by Curtis McElhinney with a rebound.
13:47 of 3rd period - Slapshot by Brayden Schenn.
13:47 of 3rd period - Shot Misses the Net.
13:57 of 3rd period - Snap shot by Brayden Schenn.
13:57 of 3rd period - Shot Misses the Net.
14:11 of 3rd period - Joe Thornton is hit by James Wisniewski and loses puck.
14:48 of 3rd period - Slapshot by Mike Ribeiro.
14:48 of 3rd period - Shot Misses the Net.
14:50 of 3rd period - Snap shot by Alex Goligoski.
14:50 of 3rd period - Stopped by Jaroslav Halak with a rebound.
14:52 of 3rd period - Snap shot by Francois Beauchemin.
14:52 of 3rd period - Shot Misses the Net.
14:54 of 3rd period - Backhand shot by Jaromir Jagr.
14:54 of 3rd period - Shot Hit the Post.
14:56 of 3rd period - Backhand shot by Alex Goligoski.
14:56 of 3rd period - Deflect By Mike Ribeiro.
14:56 of 3rd period - Shot Misses the Net.
14:56 of 3rd period - Puck is out of play.
14:57 of 3rd period - Mathieu Perreault wins face-off versus Nicklas Backstrom in Oilers zone.
15:49 of 3rd period - Nick Bonino is hit by Andrew Campbell and loses puck.
16:09 of 3rd period - Brian Boyle is hit by Andrew Ladd and loses puck.
16:36 of 3rd period - Snap shot by Jaromir Jagr.
16:36 of 3rd period - Shot Misses the Net.
16:38 of 3rd period - Slapshot by Alex Goligoski.
16:38 of 3rd period - Stopped by Jaroslav Halak with a rebound.
17:59 of 3rd period - Wrist shot by Ryan Callahan.
17:59 of 3rd period - Shot Blocked by Milan Michalek.
18:37 of 3rd period - Andrew MacDonald is hit by Maxim Lapierre and loses puck.
18:42 of 3rd period - Wrist shot by Jordie Benn.
18:42 of 3rd period - Stopped by Jaroslav Halak with a rebound.
18:44 of 3rd period - Wrist shot by Brian Boyle.
18:44 of 3rd period - Stopped by Jaroslav Halak with a rebound.
18:46 of 3rd period - Snap shot by Maxim Lapierre.
18:46 of 3rd period - Shot Misses the Net.
18:48 of 3rd period - Slapshot by Andrew Campbell.
18:48 of 3rd period - Shot Blocked by Nicklas Backstrom.
18:50 of 3rd period - Wrist shot by Maxim Lapierre.
18:50 of 3rd period - Shot Misses the Net.
18:52 of 3rd period - Slapshot by Brian Boyle.
18:52 of 3rd period - Stopped by Jaroslav Halak with a rebound.
19:16 of 3rd period - Oilers, Jaroslav Halak is pulled from the net.
19:37 of 3rd period - Wrist shot by Pavel Datsyuk.
19:37 of 3rd period - Shot Blocked by Jordie Benn.
Goals for this period are 0 for Oilers vs 1 for Canadiens.
Shots for this period are 5 for Oilers vs 10 for Canadiens.